[ AOE2 MATCH · #505305941 ]
UnrankedIncas vs Armenians
Player's team · LOSS
[ REPLAY ANALYSIS · EXTRACTED FROM THE RECORDED GAME ]
Feudal
9:10
Castle
21:13
Imperial
—
| APM avg | 48.3 |
| APM peak | 67 |
| eAPM avg | 24.7 |
| Villagers / military | 52 / 21 |
Focus
⚔️ 51.1% · 🌾 48.9%
Archer ×18 · Petard ×3 · Unknown (2550) ×2
Feudal
9:16
Castle
—
Imperial
—
| APM avg | 100.7 |
| APM peak | 185 |
| eAPM avg | 53.4 |
| Villagers / military | 79 / 50 |
Focus
⚔️ 72.0% · 🌾 28.0%
Militia ×37 · Scout Cavalry ×13
Match map
Initial resources + every placement click. Lines = walls · curves = elevation contours. ◆ gold · ⬟ stone · ● berries · ✦ relic · ◌ wall gap
Your base· Open — 5t gap
RoR | Hellequinn's base· Open — 6t gap
Smoothed initial terrain · ◌ = detected wall gap · hover for details
Inputs per minute
— 1 Fuchs - - RoR | Hellequinn
Build order — 1 Fuchs
146 actions detected in the replay
| 0:00 | Create | Villager (Male) |
| 0:00 | Create | Villager (Male) |
| 0:01 | Create | Villager (Male) |
| 0:02 | Build | House |
| 0:04 | Build | House |
| 0:07 | Create | Villager (Male) |
| 1:29 | Create | Villager (Male) |
| 1:57 | Create | Villager (Male) |
| 2:03 | Build | Settlement |
| 2:22 | Create | Villager (Male) |
| 2:51 | Create | Villager (Male) |
| 3:12 | Create | Villager (Male) |
| 3:38 | Create | Villager (Male) |
| 3:49 | Create | Villager (Male) |
| 4:22 | Create | Villager (Male) |
| 4:52 | Create | Villager (Male) |
| 5:16 | Create | Villager (Male) |
| 5:28 | Build | Barracks |
| 5:33 | Create | Villager (Male) |
| 5:55 | Research | Loom |
| 7:00 | Research | Feudal Age |
| 7:30 | Create | Unit 2550 |
| 7:56 | Create | Unit 2550 |
| 8:25 | Create | Villager (Male) |
| 8:31 | Create | Villager (Male) |
| 8:35 | Build | Settlement |
| 8:47 | Build | House |
| 8:48 | Create | Villager (Male) |
| 9:10 | Age | Feudal Age |
| 9:26 | Research | Double-Bit Axe |
| 9:32 | Build | Archery Range |
| 9:41 | Create | Villager (Male) |
| 9:51 | Build | Palisade Wall |
| 9:57 | Create | Villager (Male) |
| 10:12 | Create | Archer |
| 10:18 | Create | Archer |
| 10:20 | Build | Farm |
| 10:23 | Build | Farm |
| 10:24 | Create | Villager (Male) |
| 10:46 | Build | Farm |
| 10:51 | Build | House |
| 11:05 | Build | Palisade Wall |
| 11:09 | Create | Villager (Male) |
| 11:11 | Create | Archer |
| 11:15 | Build | Blacksmith |
| 11:23 | Build | House |
| 11:26 | Build | House |
| 11:39 | Create | Archer |
| 11:39 | Create | Villager (Male) |
| 11:42 | Build | Farm |
| 12:11 | Create | Villager (Male) |
| 12:12 | Build | Farm |
| 12:27 | Build | House |
| 12:29 | Build | Palisade Wall |
| 12:38 | Create | Villager (Male) |
| 12:52 | Create | Archer |
| 12:56 | Build | Farm |
| 13:08 | Create | Villager (Male) |
| 13:10 | Build | Farm |
| 13:13 | Build | Farm |
| 13:21 | Create | Archer |
| 13:29 | Create | Villager (Male) |
| 13:32 | Build | House |
| 13:44 | Research | Fletching |
| 13:58 | Build | Farm |
| 14:00 | Create | Villager (Male) |
| 14:01 | Create | Archer |
| 14:18 | Build | Outpost |
| 14:19 | Research | Town Watch |
| 14:24 | Build | Farm |
| 14:25 | Build | Farm |
| 14:38 | Create | Archer |
| 14:43 | Create | Villager (Male) |
| 14:50 | Create | Villager (Male) |
| 15:03 | Build | House |
| 15:05 | Build | Farm |
| 15:10 | Create | Villager (Male) |
| 15:13 | Build | House |
| 15:17 | Build | House |
| 15:26 | Create | Archer |
| 15:30 | Create | Villager (Male) |
| 15:31 | Create | Archer |
| 15:58 | Create | Villager (Male) |
| 16:00 | Build | House |
| 16:06 | Create | Villager (Male) |
| 16:16 | Create | Archer |
| 16:22 | Create | Villager (Male) |
| 16:28 | Build | Farm |
| 16:29 | Create | Villager (Male) |
| 16:35 | Build | House |
| 16:46 | Create | Archer |
| 16:54 | Build | Farm |
| 16:57 | Build | House |
| 17:14 | Create | Villager (Male) |
| 17:29 | Build | House |
| 17:36 | Create | Archer |
| 17:39 | Build | Palisade Wall |
| 17:43 | Build | House |
| 17:58 | Create | Archer |
| 18:33 | Research | Castle Age |
| 18:37 | Build | Palisade Wall |
| 18:46 | Build | House |
| 19:07 | Build | Palisade Wall |
| 19:12 | Create | Archer |
| 19:41 | Build | Archery Range |
| 19:56 | Build | Stone Wall |
| 20:01 | Build | Stone Wall |
| 20:19 | Create | Villager (Male) |
| 20:27 | Build | Farm |
| 20:34 | Create | Archer |
| 21:00 | Build | Stone Wall |
| 21:07 | Create | Villager (Male) |
| 21:13 | Age | Castle Age |
| 21:16 | Research | Crossbowman (upgrade) |
| 21:23 | Build | House |
| 21:27 | Build | House |
| 21:28 | Build | Stone Wall |
| 21:34 | Research | Bodkin Arrow |
| 21:46 | Create | Villager (Male) |
| 22:25 | Create | Villager (Male) |
| 22:26 | Create | Archer |
| 22:47 | Create | Villager (Male) |
| 22:50 | Create | Villager (Male) |
| 23:55 | Create | Villager (Male) |
| 24:00 | Create | Villager (Male) |
| 24:24 | Build | Settlement |
| 24:30 | Create | Petard |
| 24:46 | Build | Stone Wall |
| 24:52 | Build | Stone Wall |
| 25:00 | Build | Stone Wall |
| 25:05 | Create | Petard |
| 25:19 | Create | Villager (Male) |
| 25:48 | Create | Villager (Male) |
| 26:04 | Build | Siege Workshop |
| 26:18 | Create | Petard |
| 26:20 | Create | Villager (Male) |
| 26:57 | Create | Villager (Male) |
| 27:11 | Build | House |
| 27:32 | Build | Settlement |
| 27:38 | Create | Villager (Male) |
| 27:42 | Build | House |
| 27:43 | Build | House |
| 28:29 | Build | Market |
| 28:42 | Create | Villager (Male) |
| 29:10 | Create | Villager (Male) |
| 29:11 | Create | Archer |
Build order — RoR | Hellequinn
First 150 of 216 actions detected
| 0:00 | Create | Villager (Male) |
| 0:01 | Create | Villager (Male) |
| 0:02 | Build | House |
| 0:03 | Build | House |
| 0:05 | Create | Villager (Male) |
| 0:13 | Create | Villager (Male) |
| 1:24 | Create | Villager (Male) |
| 1:34 | Create | Villager (Male) |
| 2:04 | Build | Mule Cart |
| 2:12 | Create | Villager (Male) |
| 2:33 | Create | Villager (Male) |
| 3:13 | Create | Villager (Male) |
| 3:25 | Create | Villager (Male) |
| 3:47 | Create | Villager (Male) |
| 3:51 | Build | House |
| 3:53 | Create | Villager (Male) |
| 4:10 | Create | Villager (Male) |
| 4:23 | Build | House |
| 4:29 | Create | Villager (Male) |
| 4:48 | Create | Villager (Male) |
| 4:48 | Create | Villager (Male) |
| 5:02 | Create | Villager (Male) |
| 5:23 | Create | Villager (Male) |
| 5:27 | Create | Villager (Male) |
| 5:45 | Create | Villager (Male) |
| 6:06 | Create | Villager (Male) |
| 6:06 | Create | Villager (Male) |
| 6:32 | Build | Barracks |
| 6:41 | Research | Loom |
| 7:03 | Research | Feudal Age |
| 7:07 | Build | House |
| 7:25 | Build | Mule Cart |
| 7:32 | Create | Militia |
| 7:42 | Build | Palisade Wall |
| 7:59 | Create | Militia |
| 8:09 | Create | Militia |
| 8:09 | Create | Militia |
| 8:18 | Build | House |
| 8:28 | Create | Villager (Male) |
| 8:32 | Create | Militia |
| 8:50 | Build | Palisade Wall |
| 8:59 | Create | Villager (Male) |
| 9:16 | Age | Feudal Age |
| 9:26 | Research | Man-at-Arms (upgrade) |
| 9:40 | Build | Mill |
| 9:47 | Create | Villager (Male) |
| 9:50 | Build | Palisade Wall |
| 9:54 | Create | Villager (Male) |
| 9:57 | Build | Palisade Wall |
| 10:00 | Create | Villager (Male) |
| 10:13 | Create | Villager (Male) |
| 10:29 | Build | House |
| 10:29 | Create | Villager (Male) |
| 10:29 | Create | Villager (Male) |
| 10:36 | Build | House |
| 10:51 | Research | Double-Bit Axe |
| 10:51 | Research | Double-Bit Axe |
| 10:54 | Create | Villager (Male) |
| 11:03 | Build | Farm |
| 11:07 | Create | Villager (Male) |
| 11:21 | Build | Farm |
| 11:37 | Build | Farm |
| 11:38 | Create | Villager (Male) |
| 11:44 | Create | Villager (Male) |
| 11:56 | Build | Farm |
| 11:59 | Build | Farm |
| 12:10 | Research | Long Swordsman (upgrade) |
| 12:20 | Build | Farm |
| 12:27 | Build | Farm |
| 12:43 | Create | Villager (Male) |
| 12:54 | Build | Farm |
| 12:54 | Create | Villager (Male) |
| 13:04 | Build | Farm |
| 13:18 | Create | Villager (Male) |
| 13:30 | Create | Militia |
| 13:43 | Build | Barracks |
| 13:47 | Create | Militia |
| 13:55 | Create | Villager (Male) |
| 14:02 | Research | Arson |
| 14:13 | Build | Farm |
| 14:14 | Create | Villager (Male) |
| 14:18 | Build | Farm |
| 14:22 | Create | Villager (Male) |
| 14:46 | Build | Farm |
| 14:46 | Create | Villager (Male) |
| 15:36 | Create | Militia |
| 15:43 | Create | Villager (Male) |
| 15:45 | Build | Blacksmith |
| 15:45 | Create | Militia |
| 15:46 | Create | Militia |
| 15:46 | Create | Militia |
| 16:04 | Create | Militia |
| 16:04 | Create | Militia |
| 16:08 | Create | Villager (Male) |
| 16:10 | Build | House |
| 16:12 | Build | House |
| 16:17 | Create | Militia |
| 16:17 | Create | Militia |
| 16:17 | Create | Militia |
| 16:20 | Create | Militia |
| 16:32 | Research | Scale Mail Armor |
| 16:32 | Research | Scale Mail Armor |
| 16:35 | Create | Militia |
| 16:36 | Build | House |
| 16:41 | Build | House |
| 16:50 | Create | Militia |
| 16:50 | Create | Militia |
| 17:07 | Create | Militia |
| 17:26 | Create | Militia |
| 17:33 | Create | Villager (Male) |
| 17:40 | Create | Militia |
| 17:59 | Create | Villager (Male) |
| 18:02 | Create | Villager (Male) |
| 18:06 | Create | Militia |
| 18:12 | Build | Farm |
| 18:20 | Create | Villager (Male) |
| 18:23 | Build | Mule Cart |
| 18:26 | Build | House |
| 18:29 | Build | House |
| 18:37 | Create | Militia |
| 18:41 | Build | Farm |
| 18:51 | Create | Militia |
| 19:09 | Build | Watch Tower |
| 19:43 | Research | Fletching |
| 19:44 | Create | Militia |
| 19:44 | Create | Militia |
| 19:44 | Create | Militia |
| 19:46 | Build | Farm |
| 19:48 | Build | House |
| 19:48 | Build | House |
| 19:55 | Create | Villager (Male) |
| 20:02 | Build | Watch Tower |
| 20:08 | Create | Villager (Male) |
| 20:12 | Build | Market |
| 20:14 | Create | Villager (Male) |
| 20:25 | Create | Villager (Male) |
| 20:44 | Create | Villager (Male) |
| 20:46 | Build | Farm |
| 20:48 | Build | Farm |
| 20:49 | Create | Militia |
| 20:49 | Create | Militia |
| 20:50 | Create | Militia |
| 21:05 | Build | Watch Tower |
| 21:11 | Create | Villager (Male) |
| 21:16 | Build | Mule Cart |
| 21:39 | Create | Villager (Male) |
| 21:42 | Build | Farm |
| 21:55 | Create | Villager (Male) |
| 21:56 | Create | Villager (Male) |
| 22:08 | Build | Watch Tower |
Match timeline
| 5:28 | 1 Fuchs · first_building Barracks |
| 6:32 | RoR | Hellequinn · first_building Barracks |
| 7:42 | RoR | Hellequinn · wall_segment Palisade Wall x4 |
| 8:50 | RoR | Hellequinn · wall_segment Palisade Wall x7 |
| 9:10 | 1 Fuchs · age_up feudal |
| 9:16 | RoR | Hellequinn · age_up feudal |
| 9:32 | 1 Fuchs · first_building Archery Range |
| 9:50 | RoR | Hellequinn · wall_segment Palisade Wall x15 |
| 9:51 | 1 Fuchs · wall_segment Palisade Wall x1 |
| 9:57 | RoR | Hellequinn · wall_segment Palisade Wall x7 |
| 11:05 | 1 Fuchs · wall_segment Palisade Wall x9 |
| 12:29 | 1 Fuchs · wall_segment Palisade Wall x7 |
| 17:39 | 1 Fuchs · wall_segment Palisade Wall x1 |
| 18:37 | 1 Fuchs · wall_segment Palisade Wall x9 |
| 19:07 | 1 Fuchs · wall_segment Palisade Wall x1 |
| 19:56 | 1 Fuchs · wall_segment Stone Wall x6 |
| 20:01 | 1 Fuchs · wall_segment Stone Wall x4 |
| 21:00 | 1 Fuchs · wall_segment Stone Wall x3 |
| 21:03 | RoR | Hellequinn · first_market_buy 100 stone |
| 21:13 | 1 Fuchs · age_up castle |
| 21:28 | 1 Fuchs · wall_segment Stone Wall x1 |
| 22:51 | RoR | Hellequinn · first_building Stable |
| 24:46 | 1 Fuchs · wall_segment Stone Wall x4 |
| 24:52 | 1 Fuchs · wall_segment Stone Wall x1 |
| 25:00 | 1 Fuchs · wall_segment Stone Wall x1 |
| 26:04 | 1 Fuchs · first_building Siege Workshop |
| 29:24 | 1 Fuchs · resign |
[ AI ANALYSIS · 1 CREDIT ]
What really happened in this match?
Wolo.gg analyzes every decision: build order, eco, micro, common mistakes by bracket. Personalized analysis on WhatsApp or Discord in 30 seconds.
Civ guide
Incas
Perfil
Jugador #366990